Unix NetHack Version 3.7.0-94 Work-in-progress - last build Dec 18 2023 00:11:04 (7e3deff068b9ef4f2ebb9a71ea0f5c4a3b578a14,branch:master). Game began 2023-12-27 10:19:55, ended 2023-12-27 10:51:33. Arasaka, chaotic male orcish Rogue -------------------------------- |..............................| |.-+------..{.---------..-----.| |.| |(((|.---|%!|....|..|%%.|.| -------- |.| |(((|.|..|?(|... |..|%%.-.| |......| |.| ...|.(..|..||----.-----|.| |..%...| |.-----|--.-----|-......|....|.| |......| #|..........).......--|-.-....|.| -.--.-.- #)......--|-.){..--|-..|.|.._.|.| #[#### #|).)...|..|.....|..|..|.|....|.| # #####|......|..|.)...|..|..|.-----|.|# ## %# #|.----|---|...-|------|..|...|..#### ---------.- ## ##%# #|.| .|..|.).|.. |..-...|.|# ### |.........| ----.--- # #|.| ..|..|...|.. +..|...|.| ####|...>.....| |....@.|### #|.-------|-...---------..-----.| #..........| |.....h-u##########|..............................| |.^.......| -------- -------------------------------- ..........| |.........| ----------- Arasaka the Rogue St:14 Dx:16 Co:16 In:13 Wi:10 Ch:7 Chaotic Dlvl:6 $:38 HP:0(38) Pw:26(26) AC:0 Xp:6/509 T:2452 Hungry Latest messages: You hit the lizard. You hit the lizard. You hit the lizard. You hit the lizard. What do you want to wield? [- abt or ?*] a - an uncursed +0 orcish short sword (weapon in right hand). You hit the lizard. The lizard misses! You kill the lizard! q - a lizard corpse. What do you want to name? [abejkmnp-rtwzADEH-M or ?*] You climb up the stairs. Where do you want to travel to? (For instructions type a '?') You stop waiting. You hit the iguana! You hit the iguana. The iguana bites! You hit the iguana. The iguana misses! You hit the iguana. You kill the iguana! You see here an iguana corpse. There is an iguana corpse here; eat it? [ynq] (n) This iguana corpse is gamey. You finish eating the iguana corpse. The giant ant bites! The giant ant bites! You descend the stairs. You hear the splashing of a naiad. You stop waiting. You stop waiting. You stop waiting. The dwarf wields a dagger! You are beginning to feel hungry. The dwarf thrusts his dagger. The dwarf misses! The dwarf thrusts his dagger. The dwarf hits! The dwarf thrusts his dagger. The dwarf hits! The dwarf thrusts his dagger. The dwarf misses! The dwarf thrusts his dagger. The dwarf hits! The dwarf thrusts his dagger. The dwarf just misses! The dwarf thrusts his dagger. The dwarf hits! You die... Inventory: Coins ('$') $ - 38 gold pieces Weapons (')') t - an uncursed +0 elven dagger b - 15 uncursed +0 orcish daggers (at the ready) a - an uncursed +0 orcish short sword (weapon in right hand) Armor ('[') L - an uncursed +0 dwarvish iron helm (being worn) E - an uncursed +0 pair of iron shoes (being worn) p - a cursed -1 pair of levitation boots M - an uncursed rusty +0 dwarvish roundshield m - an uncursed +0 dwarvish mithril-coat (being worn) Comestibles ('%') q - an uncursed lizard corpse named tricebane Scrolls ('?') k - 4 uncursed scrolls of blank paper j - an uncursed scroll of light Rings ('=') I - an uncursed ring of warning Wands ('/') K - an uncursed wand of create monster (0:11) J - an uncursed wand of digging (0:5) A - an uncursed wand of digging (0:3) r - an uncursed wand of opening (0:1) n - an uncursed wand of probing (0:3) D - an uncursed wand of teleportation (0:6) Tools ('(') z - an uncursed sack containing 1 item e - an uncursed lock pick H - an uncursed stethoscope Gems/Stones ('*') w - an uncursed luckstone Contents of the sack: an uncursed +0 pick-axe Arasaka the Rogue's attributes: Background: You were a Rogue, level 6 male orc. You were chaotic, on a mission for Kos who was opposed by Issek (lawful) and Mog (neutral). You were right-handed. You were in the Gnomish Mines, on level 6. You entered the dungeon 2452 turns ago. There was a full moon in effect when your adventure ended. You had 509 experience points, 131 more were needed to attain level 7. Basics: You had 0 out of 38 hit points. You had all 26 energy points (spell power). Your armor class was 0. Your wallet contained 38 zorkmids. Autopickup was on for '$"?' plus thrown, with exceptions. Final Characteristics: Your strength was 14 (limit:18/50). Your dexterity was 16 (limit:18). Your constitution was 16 (limit:18). Your intelligence was 13 (limit:16). Your wisdom was 10 (limit:16). Your charisma was 7 (limit:16). Final Status: You were hungry. You were unencumbered. You were wielding a short sword. You had basic skill with short sword and could have enhanced that. Final Attributes: You were piously aligned. You were poison resistant. You had infravision. You were stealthy. You were guarded. You were lucky. You had extra luck. Bad luck did not time out for you. Good luck did not time out for you. You are dead. Miscellaneous: You disabled loading of bones levels. Total elapsed playing time was 16 minutes and 14 seconds. Major events: Turn 1: Arasaka the chaotic male orcish Rogue entered the dungeon 826: entered the Gnomish Mines 1016: attained the rank of Cutpurse (level 3) 1802: attained the rank of Rogue (level 6) 2021: reached Mine Town 2452: killed by a dwarf Vanquished creatures: a lizard a housecat a bugbear a rock piercer 4 gnome leaders 5 gnomish wizards a gray ooze 2 elf zombies a straw golem a paper golem a little dog 6 dwarves a rabid rat 2 monkeys 3 iguanas a gas spore a hobbit a giant rat 22 gnomes a gnome zombie 2 geckos 3 jackals a fox a kobold a goblin a sewer rat 3 grid bugs a lichen 2 newts 72 creatures vanquished. No species were genocided or became extinct. Voluntary challenges: You read items or engraved 15 times. You never engraved Elbereth. You never genocided any monsters. You never polymorphed an object. You never changed form. You used no wishes. Achievements: You entered the Gnomish Mines. You attained the rank of Cutpurse. You attained the rank of Rogue. You entered Minetown. You entered a temple. You entered a shop. The Dungeons of Doom: levels 1 to 4 Level 1: Some fountains. Level 2: Level 3: Some fountains. Stairs down to The Gnomish Mines. Level 4: The Gnomish Mines: levels 4 to 7 Level 4: Level 5: Level 6: <- You were here. Some shops, a temple and an altar, some fountains. Final resting place for you, killed by a dwarf. Level 7: Game over: ---------- / \ / REST \ / IN \ / PEACE \ / \ | Arasaka | | 38 Au | | killed by a | | dwarf | | | | | | 2023 | *| * * * | * _________)/\\_//(\/(/\)/\//\/|_)_______ Goodbye Arasaka the Rogue... You died in The Gnomish Mines on dungeon level 6 with 2431 points, and 38 pieces of gold, after 2452 moves. You were level 6 with a maximum of 38 hit points when you died.